 Dungeon Crawl Stone Soup version 0.30-a0-170-g85af917532 (webtiles) character file.

Game seed: 6487146525517082939

77 sanka the Ruffian (level 4, -1/27 (38) HPs)
             Began as a Gnoll Reaver on Sept 30, 2022.
             Slain by an orc
             ... wielding a +0 short sword
              (2 damage)
             ... on level 3 of the Dungeon.
             The game lasted 00:06:41 (4061 turns).

sanka the Ruffian (Gnoll Reaver)                    Turns: 4061, Time: 00:06:42

HP:   -1/27 (38)    AC:  4    Str: 11    XL:     4   Next: 34%
MP:   11/11         EV: 12    Int: 15    God:
Gold: 120           SH:  0    Dex: 10    Spells: 4/13 levels left

rFire   . . .      SeeInvis .    m - +2 hand axe (elec)
rCold   . . .      Faith    .    (no shield)
rNeg    . . .      Spirit   .    a - +0 leather armour
rPois   .          Reflect  .    f - +0 helmet
rElec   .          Harm     .    (no cloak)
rCorr   .          Rampage  .    (no gloves)
Will    .....                    (no boots)
Stlth   +.........               (no amulet)
HPRegen 0.09/turn                (no ring)
MPRegen 0.12/turn                (no ring)

@: very heavily drained
A: fangs 1, strong nose, distributed training
a: no special abilities


You were on level 3 of the Dungeon.
You visited 1 branch of the dungeon, and saw 4 of its levels.

You collected 120 gold pieces.


Innate Abilities, Weirdness & Mutations

You have very sharp teeth.
Your uncanny sense of smell can sniff out nearby items.
Your experience applies equally to all skills.


   Skills:
 + Level 4.6 Fighting
 + Level 1.1 Short Blades
 + Level 1.1 Long Blades
 + Level 1.1 Axes
 + Level 1.1 Maces & Flails
 + Level 1.1 Polearms
 + Level 1.1 Staves
 + Level 1.1 Ranged Weapons
 + Level 1.1 Throwing
 + Level 1.1 Armour
 + Level 4.6 Dodging
 + Level 1.1 Stealth
 + Level 1.1 Shields
 + Level 6.6 Unarmed Combat
 + Level 5.1 Spellcasting
 + Level 5.4 Conjurations
 + Level 0.9 Hexes
 + Level 0.9 Summonings
 + Level 0.9 Necromancy
 + Level 0.9 Translocations
 + Level 0.9 Transmutations
 + Level 0.9 Fire Magic
 + Level 0.9 Ice Magic
 + Level 0.9 Air Magic
 + Level 0.9 Earth Magic
 + Level 0.9 Poison Magic
 + Level 1.2 Invocations
 + Level 1.1 Evocations


You had 4 spell levels left.
You knew the following spells:

 Your Spells              Type           Power      Damage    Failure   Level
c - Mephitic Cloud        Conj/Pois/Air  11%        N/A       24%         3
i - Kindle Blastsparks    Fire/Tloc/Air  12%        2d11      41%         3
u - Momentum Strike       Conj/Tloc      26%        3d8       9%          2
y - Kiss of Death         Conj/Necr      52%        2d9       6%          1

Your spell library contained the following spells:

 Spells                   Type           Power      Damage    Failure   Level
 Hailstorm                Conj/Ice       13%        3d5       17%         3
 Ignite Poison            Fire/Tmut/Pois 6%         N/A       41%         3
 Freezing Cloud           Conj/Ice/Air   5%         6-21      91%         5

Inventory:

Hand Weapons
 m - a +2 hand axe of electrocution (weapon)
Armour
 a - a +0 leather armour (worn)
 f - a +0 helmet (worn)
Scrolls
 b - 2 scrolls of identify {unknown}
 c - a scroll of poison {unknown}
 d - a scroll of teleportation {unknown}
 e - a scroll of enchant weapon {unknown}
 g - a scroll of magic mapping {unknown}
 i - a scroll of enchant armour {unknown}
 n - a scroll of butterflies {unknown}
Potions
 h - 2 potions of curing {unknown}
 j - a potion of cancellation {unknown}
 k - a potion of mutation {unknown}
 l - a potion of heal wounds {unknown}

Dungeon Overview and Level Annotations

Branches:
Dungeon (4/15)
 Temple: D:4-7

Altars:

Shops:
D:2

( ▒..........▒
▒▒▒.▒▒▒▒▒▒.▒ ▒.▒ ▒.▒ ▒.▒
▒.▒ ▒▒▒▒▒▒▒.▒ ▒.▒
▒▒▒▒....▒▒.▒ ▒.▒
▒.......▒..▒ ▒.▒
▒ooo....▒..▒▒▒▒▒▒.▒
▒rg.....'..........
▒▒+▒....▒..▒▒▒▒▒▒.▒
▒.▒....▒..........
▒▒▒▒▒▒▒'▒[...▒..▒▒▒▒.▒.▒
▒........▒▒▒▒▒.......▒.▒
▒.........▒▒▒▒▒▒▒▒.▒.▒.▒
▒.......................
▒▒▒▒▒▒▒...▒▒▒▒▒▒▒▒▒▒▒▒.▒
▒▒▒▒▒▒▒▒▒.▒..............▒


You could see 3 orcs and a quokka.


Message History

You completely miss the orc. You hit the orc but do no damage.
You closely miss the quokka. You barely miss the orc.
The quokka closely misses you. The orc completely misses you.
The orc priest invokes the aid of Beogh against you.
Beogh smites you!
Ouch! That really hurt!
* * * LOW HITPOINT WARNING * * *
The orc misses you. The orc hits you with a +0 short sword.
* * * LOW HITPOINT WARNING * * *
The orc misses you. The quokka closely misses you. The quokka misses you.
The orc completely misses you. The orc closely misses you.
The orc completely misses you. The orc misses you.
You climb upwards.
There is a stone staircase leading down here.
Unknown command.
You hit the orc but do no damage. You hit the orc but do no damage.
You hit the quokka but do no damage. You barely miss the orc.
The quokka misses you. The orc hits you with a +0 short sword.
You die...

Action                   |  1- 3 |  4- 6 || total
-------------------------+-------+-------++-------
Melee: Unarmed           |    90 |    23 ||   113
       Punch             |     6 |     1 ||     7
       Bite              |     1 |     4 ||     5
       Hand axe          |       |    15 ||    15
 Cast: Momentum Strike   |    27 |     6 ||    33
       Kiss of Death     |     2 |     1 ||     3
 Stab: Sleeping          |       |     1 ||     1
Armor: Leather armour    |    16 |     7 ||    23
Dodge: Dodged            |    51 |    30 ||    81

Levels and vault maps discovered:
D:1:      wander_arrival_lonely_grave, layout_rooms, serial_bayou,
          serial_bayou_shore_a, serial_bayou_crossing, serial_bayou_pond_c,
          serial_bayou_pond_a, chequers_ecumenical_altar_island,
          due_unseen_surprise
D:2:      layout_basic, serial_shops, nicolae_shop_hallway_stairs
D:3:      layout_basic, uniq_natasha
D:4:      layout_cave_pools, mainiacjoe_overflow_small_starburst, uniq_robin

Notes
Turn   | Place    | Note
-------+----------+-------------------------------------------
     0 | D:1      | sanka the Gnoll Reaver began the quest for the Orb.
     0 | D:1      | Reached XP level 1. HP: 20/20 MP: 6/6
    61 | D:1      | Found a faded altar of an unknown god.
    79 | D:1      | Reached XP level 2. HP: 21/26 MP: 7/7
   360 | D:1      | Learned a level 2 spell: Momentum Strike
  1902 | D:2      | Found Haoseij's Antique Weapon Emporium.
  2177 | D:3      | Noticed Natasha
  2182 | D:3      | Reached skill level 5 in Spellcasting
  2182 | D:3      | Reached XP level 3. HP: 27/28 MP: 5/9
  2233 | D:3      | Killed Natasha
  2290 | D:3      | Reached skill level 1 in Invocations
  2308 | D:3      | Noticed Natasha
  2357 | D:3      | Killed Natasha
  2362 | D:3      | Noticed Natasha
  2430 | D:3      | Killed Natasha
  2531 | D:3      | Reached skill level 1 in Short Blades
  2531 | D:3      | Reached skill level 1 in Long Blades
  2531 | D:3      | Reached skill level 1 in Axes
  2531 | D:3      | Reached skill level 1 in Maces & Flails
  2531 | D:3      | Reached skill level 1 in Polearms
  2531 | D:3      | Reached skill level 1 in Staves
  2531 | D:3      | Reached skill level 1 in Ranged Weapons
  2531 | D:3      | Reached skill level 1 in Throwing
  2531 | D:3      | Reached skill level 1 in Armour
  2531 | D:3      | Reached skill level 1 in Stealth
  2531 | D:3      | Reached skill level 1 in Shields
  2531 | D:3      | Reached skill level 1 in Evocations
  2890 | D:3      | Reached XP level 4. HP: 29/32 MP: 11/11
  2930 | D:3      | HP: 3/32 [iguana (10)]
  2931 | D:3      | HP: 1/32 [iguana (2)]
  4036 | D:3      | Learned a level 3 spell: Kindle Blastsparks
  4040 | D:3      | Learned a level 3 spell: Mephitic Cloud
  4058 | D:4      | HP: 2/27 [orc priest/divine providence (17)]
  4061 | D:3      | Slain by an orc

Vanquished Creatures
  A hound (D:3)
  An iguana (D:3)
  Natasha (twice) (D:3)
  2 worms
  7 orcs (D:3)
  6 ball pythons
  4 endoplasms
  A giant cockroach (D:1)
  A goblin (D:1)
  4 hobgoblins
  5 jackals
  A quokka (D:1)
  2 bats
  3 frilled lizards
  2 kobolds (D:1)
  6 rats
48 creatures vanquished.

Vanquished Creatures (others)
  Natasha (D:3)
  An adder (D:3)
  2 dart slugs (D:2)
  An orc (D:3)
  3 endoplasms (D:2)
  2 giant cockroaches
  A hobgoblin (D:1)
  2 ball pythons
  2 bats
  A frilled lizard (D:2)
  A rat (D:1)
17 creatures vanquished.

Grand Total: 65 creatures vanquished
